[Event "ICC tourney 2533 (25 5)"]
[Site "Internet Chess Club"]
[Date "2021.04.25"]
[Round "5"]
[White "WANG, LILIAN:K09-15607273"]
[Black "WEICHENG ZHANG, JUSTIN:K09-16253356"]
[Result "1-0"]
[ICCResult "Black checkmated"]
[WhiteElo "1798"]
[BlackElo "1355"]
[Opening "Sicilian: dragon, Yugoslav attack, Rauser variation"]
[ECO "B76"]
[NIC "KF.05"]
[Time "11:02:29"]
[PlyCount "123"]
[TimeControl "1500+5"]

1. e4 g6 2. d4 Bg7 3. Nc3 c5 4. Nf3 cxd4 5. Nxd4 Nc6 6. Be3 d6 7. f3 Nf6 8.
Qd2 O-O 9. O-O-O a5 10. g4 Ne5 11. Bh6 a4 12. Bxg7 Kxg7 13. Kb1 Qb6 14. h4
h5 15. gxh5 Nxh5 16. f4 Nc6 17. Nf3 a3 18. b3 Qb4 19. f5 Ne5 20. Nxe5 dxe5
21. fxg6 fxg6 22. Be2 Rf2 23. Qe3 Nf4 24. Bc4 Bg4 25. Rdf1 Rxf1+ 26. Rxf1
Rd8 27. Nd5 Qd6 28. Qc1 Nxd5 29. Bxd5 e6 30. Bc4 Rh8 31. Qe1 Rd8 32. Bd3
Rh8 33. Qf2 Rf8 34. Qxf8+ Qxf8 35. Rxf8 Kxf8 36. c4 b6 37. Kc2 Kg7 38. b4
Kh6 39. Kb3 Kh5 40. Kxa3 Kxh4 41. c5 bxc5 42. bxc5 Bd1 43. c6 g5 44. c7 g4
45. c8=Q g3 46. Bf1 Kg4 47. Qxe6+ Kf3 48. Qxe5 Be2 49. Bxe2+ Kf2 50. Qxg3+
Kxg3 51. e5 Kf4 52. e6 Ke5 53. e7 Ke6 54. e8=Q+ Kd6 55. Kb4 Kd5 56. a4 Kd6
57. Kc4 Kc7 58. Kc5 Kb7 59. Bf3+ Ka7 60. Qd7+ Ka6 61. Qb5+ Ka7 62. Qb6# {
Black checkmated } 1-0

[Event "ICC tourney 2533 (25 5)"]
[Site "Internet Chess Club"]
[Date "2021.04.25"]
[Round "5"]
[White "R MEDINA, GAEL:K09-15685876"]
[Black "NASTA, KIREN:K09-15255524"]
[Result "1/2-1/2"]
[ICCResult "Game drawn by mutual agreement"]
[WhiteElo "1429"]
[BlackElo "1901"]
[Opening "Scotch gambit: Dubois-Réti defense"]
[ECO "C55"]
[NIC "KP.02"]
[Time "11:02:46"]
[PlyCount "95"]
[TimeControl "1500+5"]

1. e4 e5 2. Nf3 Nc6 3. d4 exd4 4. Bc4 Nf6 5. e5 d5 6. Bb5 Ne4 7. Nxd4 Bd7
8. Bxc6 bxc6 9. O-O c5 10. Nb3 c6 11. f3 Ng5 12. f4 Ne4 13. N1d2 Nxd2 14.
Nxd2 g6 15. c4 Qc7 16. b3 Be7 17. Bb2 Rg8 18. Qf3 Bf5 19. Rac1 h5 20. h3 h4
21. Rfd1 Rd8 22. Nf1 d4 23. Nd2 g5 24. fxg5 Rxg5 25. Ne4 Bxe4 26. Qxe4 Rxe5
27. Qh7 Rg5 28. Rf1 Qg3 29. Qxf7+ Kd7 30. Qf3 Rdg8 31. Rc2 Bd6 32. Qxg3
Rxg3 33. Kh1 a5 34. Rf7+ Ke6 35. Rcf2 Be5 36. Ba3 Kd6 37. R7f5 Re3 38. Bc1
Re1+ 39. Rf1 Rxf1+ 40. Rxf1 Rg3 41. Rf3 Rxf3 42. gxf3 Ke6 43. Kg2 Kf5 44.
Bd2 Bc7 45. Kf2 Bd8 46. Ke2 Ke5 47. Kd3 Kf5 48. a3 { Game drawn by mutual
agreement } 1/2-1/2

[Event "ICC tourney 2533 (25 5)"]
[Site "Internet Chess Club"]
[Date "2021.04.25"]
[Round "5"]
[White "JUSTICE, DREW:K09-14561797"]
[Black "TAMMALI, VAISHNAVI:K09-15025561"]
[Result "0-1"]
[ICCResult "White checkmated"]
[WhiteElo "2030"]
[BlackElo "1620"]
[Opening "Dutch defense, Rubinstein variation"]
[ECO "A40"]
[NIC "QO.17"]
[Time "11:03:04"]
[PlyCount "70"]
[TimeControl "1500+5"]

1. d4 e6 2. c4 f5 3. Nc3 Nf6 4. g3 d5 5. Bg2 c6 6. b3 Bd6 7. Bf4 O-O 8. e3
Ne4 9. Nxe4 fxe4 10. c5 Bc7 11. a3 b6 12. Bxc7 Qxc7 13. Ne2 e5 14. h3 Ba6
15. O-O exd4 16. exd4 bxc5 17. dxc5 Nd7 18. b4 Ne5 19. a4 Nf3+ 20. Kh1 Bc4
21. Rb1 Rf6 22. b5 cxb5 23. Bxf3 Rxf3 24. Rc1 Qxc5 25. Nf4 Qc8 26. Kh2 Qf5
27. axb5 Bxf1 28. Qxf1 Rf8 29. Rd1 e3 30. Qe1 Rxf2+ 31. Kg1 Qe4 32. Qc3 Qf3
33. Qxg7+ Kxg7 34. Ne6+ Kg8 35. Ng5 Qg2# { White checkmated } 0-1

[Event "ICC tourney 2533 (25 5)"]
[Site "Internet Chess Club"]
[Date "2021.04.25"]
[Round "5"]
[White "ALEXANDER NIEUWERBURGH, PAUL:K09-15847117"]
[Black "WILLIAM STONE, VINCENT:K09-15537233"]
[Result "0-1"]
[ICCResult "White resigns"]
[WhiteElo "1496"]
[BlackElo "2075"]
[Opening "Sicilian: Alapin's variation (2.c3)"]
[ECO "B22"]
[NIC "SI.47"]
[Time "11:02:06"]
[PlyCount "153"]
[TimeControl "1500+5"]

1. e4 c5 2. c3 Nf6 3. e5 Nd5 4. d4 cxd4 5. cxd4 e6 6. Nf3 d6 7. Bc4 Nc6 8.
O-O Be7 9. Re1 O-O 10. Nbd2 dxe5 11. dxe5 Ndb4 12. a3 Nd3 13. Bxd3 Qxd3 14.
Re3 Qd5 15. Qc2 Rd8 16. b3 b6 17. Qe4 Qxe4 18. Rxe4 Ba6 19. Bb2 Bd3 20. Re3
Bc5 21. Ree1 a5 22. Rac1 Rac8 23. Rc3 Na7 24. Rcc1 h6 25. Ne4 Bxe4 26. Rxe4
b5 27. Re2 Bb6 28. Rxc8 Rxc8 29. g3 Kf8 30. Rd2 Nc6 31. Rd7 Rc7 32. Rd3 Ke8
33. Nd2 Rd7 34. Rxd7 Kxd7 35. Ne4 Bd4 36. Bxd4 Nxd4 37. b4 axb4 38. axb4
Nf3+ 39. Kg2 Nxe5 40. Nc5+ Kc6 41. f4 Nd7 42. Nxd7 Kxd7 43. Kf3 Kd6 44. Ke4
f6 45. g4 g5 46. fxg5 hxg5 47. h3 e5 48. Kf5 Ke7 49. Ke4 Ke6 50. Ke3 Kd5
51. Kd3 e4+ 52. Kc3 Ke5 53. Kd2 Kf4 54. Kc3 Kf3 55. Kd4 e3 56. Kc5 e2 57.
Kxb5 e1=Q 58. Kc5 Qc3+ 59. Kb5 Kg3 60. Ka4 Kxh3 61. b5 Kxg4 62. b6 Qc6+ 63.
Ka5 Qxb6+ 64. Kxb6 Kf3 65. Kc5 g4 66. Kd5 g3 67. Ke6 g2 68. Kxf6 g1=Q 69.
Ke5 Qc5+ 70. Ke6 Ke4 71. Kf6 Qe5+ 72. Kg6 Qf5+ 73. Kg7 Qe6 74. Kh7 Qg4 75.
Kh6 Kf5 76. Kh7 Kf6 77. Kh6 { White resigns } 0-1

[Event "ICC tourney 2533 (25 5)"]
[Site "Internet Chess Club"]
[Date "2021.04.25"]
[Round "5"]
[White "MAITI, VEDANT:K09-16844427"]
[Black "LI, AUSTIN:K09-16606238"]
[Result "0-1"]
[ICCResult "White resigns"]
[WhiteElo "628"]
[BlackElo "1204"]
[Opening "QGD: Neo-orthodox variation, 7.Bh4"]
[ECO "D56"]
[NIC "QO.13"]
[Time "11:03:28"]
[PlyCount "158"]
[TimeControl "1500+5"]

1. d4 e6 2. c4 d5 3. Nc3 Nf6 4. Bg5 Be7 5. e3 h6 6. Bh4 O-O 7. Nf3 c5 8.
dxc5 Bxc5 9. Bxf6 Qxf6 10. cxd5 Rd8 11. Bc4 Bb4 12. Qb3 Bxc3+ 13. bxc3 exd5
14. Bxd5 Nc6 15. Bxc6 Qxc6 16. O-O Be6 17. Qb4 Bd5 18. Nd4 Qg6 19. f3 Rac8
20. e4 Bc4 21. Rf2 Ba6 22. Rc1 Qf6 23. Rcc2 Rc4 24. Qb2 Rc6 25. h3 Rb6 26.
Qc1 Rc8 27. Qe3 Qh4 28. Nf5 Qf6 29. Kh2 Re8 30. f4 Qxf5 31. Qxb6 Qxf4+ 32.
Rxf4 axb6 33. Rcf2 f6 34. Rb2 b5 35. Kg3 Rc8 36. Rf3 Rc4 37. Re3 Rc5 38.
Kf4 b6 39. Rb3 Bc8 40. e5 g5+ 41. Kg3 fxe5 42. Re4 Kg7 43. Reb4 Bd7 44. a4
bxa4 45. Ra3 b5 46. Kf2 Kf6 47. Ke3 Bc6 48. g3 Bd5 49. h4 Bb3 50. Kd3 Kf5
51. Kd2 Bc4 52. Ke3 gxh4 53. gxh4 Kg4 54. Rb1 Kxh4 55. Kf3 Bd5+ 56. Ke3 h5
57. Rg1 Bb3 58. Raa1 Rxc3+ 59. Ke4 Rg3 60. Rh1+ Kg5 61. Kxe5 h4 62. Kd4 Kg4
63. Kc5 Bc4 64. Kd4 h3 65. Ke4 Rg2 66. Ra3 Rg3 67. Raa1 Be2 68. Rh2 Bf3+
69. Ke3 Rg2 70. Rxg2+ hxg2 71. Kf2 Kf4 72. Ra3 Be4 73. Kg1 Ke5 74. Kf2 Bd5
75. Ra1 Kd6 76. Ke3 Kc5 77. Kd3 Kb4 78. Kd4 Bc4 79. Rg1 Bf1 { White resigns
} 0-1

[Event "ICC tourney 2533 (25 5)"]
[Site "Internet Chess Club"]
[Date "2021.04.25"]
[Round "5"]
[White "CARRASCO, CHRISTIAN:K09-15929632"]
[Black "PRATHIK KARRA, KUNAL:K09-14744151"]
[Result "1-0"]
[ICCResult "Black resigns"]
[WhiteElo "1734"]
[BlackElo "1121"]
[Opening "French: Tarrasch, open, 4.ed ed"]
[ECO "C08"]
[NIC "FR.21"]
[Time "11:01:26"]
[PlyCount "161"]
[TimeControl "1500+5"]

1. e4 e6 2. d4 d5 3. Nd2 c5 4. exd5 exd5 5. Ngf3 Nf6 6. Bb5+ Bd7 7. Bxd7+
Qxd7 8. O-O Nc6 9. Re1+ Be7 10. dxc5 O-O 11. Nb3 Rfe8 12. Bf4 Rad8 13. c3
b6 14. cxb6 axb6 15. Qc2 Ne4 16. Rad1 Bc5 17. Nbd4 Nxd4 18. Nxd4 Ra8 19. a3
Qg4 20. Be3 Qg6 21. f3 Nd6 22. Qxg6 fxg6 23. Nc2 Nc4 24. Bxc5 Rxe1+ 25.
Rxe1 bxc5 26. b3 Nd2 27. Rd1 Nxb3 28. Rxd5 Re8 29. Kf1 Kf7 30. Rd7+ Kf6 31.
Kf2 Rb8 32. Ne3 Nc1 33. Ng4+ Ke6 34. Rxg7 Rb2+ 35. Kf1 h5 36. Ne3 Kf6 37.
Rc7 Nd3 38. Rc6+ Kf7 39. a4 Rf2+ 40. Kg1 Re2 41. Nf1 Nf4 42. g3 Nd3 43. a5
Ne1 44. a6 Nxf3+ 45. Kh1 Ra2 46. Rc7+ Ke6 47. a7 g5 48. Rh7 h4 49. gxh4
gxh4 50. h3 Ke5 51. Rh5+ Kd6 52. Rh7 Ke6 53. Rh6+ Kf5 54. Rh5+ Ke6 55. Rh6+
Ke5 56. Rh7 Ke4 57. Re7+ Kf4 58. Rf7+ Ke4 59. Re7+ Kf4 60. Rg7 Ke4 61. Rg4+
Kd3 62. Rg7 Kxc3 63. Re7 Kd4 64. Rd7+ Kc4 65. Ne3+ Kb5 66. Nf1 Kc6 67. Rf7
Kb6 68. Rxf3 Rxa7 69. Rb3+ Kc6 70. Rf3 Rc7 71. Rf4 Kb5 72. Rxh4 c4 73. Rd4
Kb4 74. h4 Kb3 75. Nd2+ Kc3 76. Rxc4+ Rxc4 77. Nxc4 Kxc4 78. h5 Kd5 79. h6
Ke6 80. h7 Kf7 81. h8=Q { Black resigns } 1-0

[Event "ICC tourney 2533 (25 5)"]
[Site "Internet Chess Club"]
[Date "2021.04.25"]
[Round "5"]
[White "V MEHTA, SOHUM:K09-15597521"]
[Black "TAY, BRIAN:K09-15880655"]
[Result "0-1"]
[ICCResult "White checkmated"]
[WhiteElo "1439"]
[BlackElo "1978"]
[Opening "Sicilian"]
[ECO "B56"]
[NIC "SI.25"]
[Time "11:00:36"]
[PlyCount "150"]
[TimeControl "1500+5"]

1. e4 c5 2. Nf3 d6 3. d4 cxd4 4. Nxd4 Nf6 5. Nc3 Nc6 6. Ndb5 a6 7. Na3 e6
8. Bf4 b5 9. Nab1 b4 10. Na4 Nxe4 11. Nd2 Nxd2 12. Qxd2 d5 13. Bg5 Qa5 14.
b3 Bd6 15. Bf4 e5 16. Bg3 Be6 17. Be2 O-O 18. O-O Rfd8 19. Qg5 f6 20. Qd2
Nd4 21. Rac1 Nxe2+ 22. Qxe2 d4 23. Qd3 Bf7 24. f4 exf4 25. Bxf4 Bxf4 26.
Rxf4 Qg5 27. Rcf1 Qe5 28. Re4 Qd6 29. Rh4 Bg6 30. Qc4+ Kh8 31. Rd1 Qe7 32.
Nb6 Qe3+ 33. Kh1 Rab8 34. Nd5 Qe5 35. Nf4 Bf5 36. Qf7 Rd7 37. Qxd7 Bxd7 38.
Ng6+ Kg8 39. Nxe5 fxe5 40. Re4 Rc8 41. Rd2 Bf5 42. Rxe5 Bxc2 43. Rxd4 Bxb3
44. h3 Bxa2 45. Rxb4 Bc4 46. Rf5 Bb5 47. Rb1 h6 48. Rbf1 Bxf1 49. Rxf1 Ra8
50. Ra1 a5 51. Kg1 Kf7 52. Kf2 Ke6 53. Ke3 Ke5 54. Kd3 g5 55. Ra4 Kd5 56.
Ke3 Kc5 57. Kd3 Kb5 58. Ra3 a4 59. Kc3 Rc8+ 60. Kd3 Rd8+ 61. Ke3 Kb4 62.
Ra1 a3 63. Rb1+ Kc3 64. Rc1+ Kb2 65. Re1 Re8+ 66. Kd2 Rxe1 67. Kxe1 a2 68.
Kd2 a1=Q 69. g4 Qc1+ 70. Kd3 Qf4 71. Ke2 Kc3 72. Ke1 Kd3 73. h4 gxh4 74. g5
hxg5 75. Kd1 Qd2# { White checkmated } 0-1

[Event "ICC tourney 2533 (25 5)"]
[Site "Internet Chess Club"]
[Date "2021.04.25"]
[Round "5"]
[White "JONNALAGADDA, VISHNUSANKAR:K09-16457328"]
[Black "WU, WILLIAM:K09-15782241"]
[Result "0-1"]
[ICCResult "White resigns"]
[WhiteElo "1408"]
[BlackElo "1854"]
[Opening "Ruy Lopez: fianchetto (Smyslov/Barnes) defense"]
[ECO "C60"]
[NIC "RL.03"]
[Time "11:03:49"]
[PlyCount "80"]
[TimeControl "1500+5"]

1. e4 e5 2. Nf3 Nc6 3. Bb5 g6 4. c3 Bg7 5. d4 exd4 6. cxd4 a6 7. Be2 d6 8.
Nc3 Nf6 9. O-O O-O 10. h3 d5 11. e5 Ne4 12. Bd3 Nxc3 13. bxc3 f6 14. exf6
Bxf6 15. Nh2 b5 16. a3 Ne7 17. Be3 Bf5 18. Ng4 Bg7 19. Bg5 Bxd3 20. Qxd3
Qd7 21. Bxe7 Qxe7 22. Rfe1 Qd6 23. Qg3 Qxg3 24. fxg3 Rae8 25. Nh2 c5 26.
Rxe8 Rxe8 27. Nf3 cxd4 28. cxd4 Re4 29. a4 b4 30. Rd1 Re2 31. a5 b3 32. Rb1
b2 33. Kf1 Rc2 34. Ne1 Rd2 35. Nf3 Rc2 36. Ne1 Rc8 37. Rxb2 Bxd4 38. Rd2
Bc3 39. Rxd5 Rf8+ 40. Ke2 Re8+ { White resigns } 0-1

[Event "ICC tourney 2533 (25 5)"]
[Site "Internet Chess Club"]
[Date "2021.04.25"]
[Round "5"]
[White "MOU, IRIS:K09-15794244"]
[Black "NAVEEN, AARUSH:K09-16031675"]
[Result "1/2-1/2"]
[ICCResult "Game drawn by mutual agreement"]
[WhiteElo "2059"]
[BlackElo "1686"]
[Opening "Sicilian: Canal-Sokolsky attack, 3...Bd7"]
[ECO "B52"]
[NIC "SI.01"]
[Time "11:03:54"]
[PlyCount "107"]
[TimeControl "1500+5"]

1. e4 c5 2. Nf3 d6 3. Bb5+ Bd7 4. Bxd7+ Qxd7 5. O-O Nf6 6. e5 dxe5 7. Nxe5
Qc7 8. d4 cxd4 9. Bf4 Qb6 10. Na3 Nc6 11. Nec4 Qc5 12. Qe2 e6 13. Nb5 Nd5
14. Nbd6+ Bxd6 15. Bxd6 Qb5 16. Ba3 Kd8 17. b3 Nf6 18. Qd2 Qd5 19. Nd6 Kc7
20. Nxf7 Rhe8 21. Nd6 Red8 22. Nc4 e5 23. Qg5 Rd7 24. Rfe1 Ne4 25. Qf5 Nf6
26. Nxe5 Re8 27. f4 Re6 28. Qh3 Nxe5 29. fxe5 Rxe5 30. Qg3 Ne4 31. Qd3 Nc3
32. Bb4 Rg5 33. Qd2 b6 34. Bxc3 dxc3 35. Qxc3+ Kb7 36. Re2 Qc5+ 37. Qxc5
Rxc5 38. c4 Rc6 39. Rae1 Rcd6 40. h3 Kc6 41. Kh2 h6 42. Re7 a5 43. Rxd7
Kxd7 44. Re2 Rd3 45. g3 Kd6 46. h4 a4 47. bxa4 Ra3 48. Rb2 Kc5 49. Rb5+ Kc6
50. Kh3 Rxa4 51. Rb2 Rxc4 52. g4 Rc3+ 53. Kg2 b5 54. Kh2 { Game drawn by
mutual agreement } 1/2-1/2

[Event "ICC tourney 2533 (25 5)"]
[Site "Internet Chess Club"]
[Date "2021.04.25"]
[Round "5"]
[White "CHEN, JONAH:K09-15805266"]
[Black "XAVIER VIJAYRAM, AVNITH:K09-15728701"]
[Result "1/2-1/2"]
[ICCResult "Game drawn by mutual agreement"]
[WhiteElo "1308"]
[BlackElo "1767"]
[Opening "Pirc: classical (two knights) system"]
[ECO "B08"]
[NIC "PU.10"]
[Time "11:00:40"]
[PlyCount "130"]
[TimeControl "1500+5"]

1. e4 d6 2. d4 Nf6 3. Nc3 g6 4. Nf3 Bg7 5. Bc4 O-O 6. O-O Nc6 7. h3 Nd7 8.
Bg5 h6 9. Be3 Nb6 10. Bb3 Na5 11. Re1 Nxb3 12. axb3 Nd7 13. Qd2 Kh7 14. Nh2
b6 15. f4 Bb7 16. f5 c5 17. fxg6+ fxg6 18. d5 Ne5 19. Rf1 a6 20. Rxf8 Qxf8
21. Rf1 Qh8 22. Nf3 Nxf3+ 23. Rxf3 Rf8 24. Rxf8 Qxf8 25. Nd1 b5 26. c3 Bc8
27. Nf2 e6 28. dxe6 Bxe6 29. Bf4 Qd8 30. Qxd6 Qxd6 31. Bxd6 c4 32. bxc4
Bxc4 33. e5 Kg8 34. Ne4 Kf7 35. Nc5 a5 36. Kf2 a4 37. g4 Bf8 38. Bxf8 Kxf8
39. h4 Ke7 40. Ke3 Kd8 41. g5 hxg5 42. hxg5 Kc7 43. Ke4 Kc6 44. Kd4 Bd5 45.
e6 Kd6 46. Nd3 Bxe6 47. Nf4 Bf5 48. Ke3 Ke5 49. Nd3+ Bxd3 50. Kxd3 Kf5 51.
Kd4 Kxg5 52. Kc5 Kf4 53. Kxb5 g5 54. c4 g4 55. c5 g3 56. c6 g2 57. c7 g1=Q
58. c8=Q Qa1 59. Qc4+ Kf5 60. Qd3+ Ke5 61. Qc3+ Ke4 62. Qc2+ Ke5 63. Qc3+
Ke6 64. Qe3+ Kf5 65. Qd3+ Kf4 { Game drawn by mutual agreement } 1/2-1/2

[Event "ICC tourney 2533 (25 5)"]
[Site "Internet Chess Club"]
[Date "2021.04.25"]
[Round "5"]
[White "ALSANDAIR MCQUILLIN, DANIL:K09-15050406"]
[Black "COLOMBO, DOMINIC:K09-14933967"]
[Result "1-0"]
[ICCResult "Black checkmated"]
[WhiteElo "1193"]
[BlackElo "1960"]
[Opening "English: Anglo-Grünfeld defense"]
[ECO "A16"]
[NIC "EO.51"]
[Time "11:00:26"]
[PlyCount "129"]
[TimeControl "1500+5"]

1. c4 Nf6 2. Nc3 d5 3. cxd5 Nxd5 4. Nf3 g6 5. g3 Bg7 6. Bg2 O-O 7. O-O e5
8. Nxd5 Qxd5 9. Nh4 Qc5 10. d3 Nc6 11. Be3 Nd4 12. Nf3 Bg4 13. Nd2 c6 14.
h3 Be6 15. Ne4 Qb5 16. Qd2 Rfd8 17. b3 f5 18. Ng5 Bd5 19. Bxd4 Bxg2 20. Ne6
Rd7 21. Kxg2 Qd5+ 22. f3 Qxe6 23. Bc3 Rad8 24. Rac1 e4 25. Bxg7 exf3+ 26.
Rxf3 Rxg7 27. Re3 Qd5+ 28. Kf2 Rf7 29. Qb4 Rdf8 30. Qf4 Qa5 31. a4 Qb6 32.
b4 a5 33. bxa5 Qxa5 34. Re5 Qb6+ 35. Kg2 Ra8 36. Rc4 Qb2 37. Qe3 Raf8 38.
a5 Qa3 39. h4 Qd6 40. Rd4 Qc7 41. Re8 Qxa5 42. h5 f4 43. Rxf4 Rxf4 44. gxf4
Qd5+ 45. Kg3 Qxh5 46. Qe6+ Kg7 47. Re7+ Kh6 48. Qd7 Rh8 49. Qxb7 Qh1 50.
Qa7 Qe1+ 51. Kg2 Qh4 52. Rf7 Qg4+ 53. Kf2 Qh4+ 54. Kf1 Qh3+ 55. Ke1 Qg3+
56. Kd1 Qg2 57. Qe7 Qh1+ 58. Kd2 Qh5 59. Qf6 Qa5+ 60. Ke3 Qc5+ 61. Kf3 Qd5+
62. Kg3 Qd8 63. Qg7+ Kh5 64. Qxh7+ Rxh7 65. Rxh7# { Black checkmated } 1-0

[Event "ICC tourney 2533 (25 5)"]
[Site "Internet Chess Club"]
[Date "2021.04.25"]
[Round "5"]
[White "SARVASYA, VIKAS:K09-15488033"]
[Black "GOLSEFIDY, SEPEHR:K09-16686975"]
[Result "0-1"]
[ICCResult "White forfeits on time"]
[WhiteElo "1187"]
[BlackElo "1882"]
[Opening "Ruy Lopez: four knights (Tarrasch) variation"]
[ECO "C77"]
[NIC "RL.12"]
[Time "11:03:17"]
[PlyCount "106"]
[TimeControl "1500+5"]

1. e4 e5 2. Nf3 Nc6 3. Bb5 a6 4. Ba4 Nf6 5. Nc3 Bc5 6. O-O b5 7. Bb3 O-O 8.
d3 d6 9. Bg5 Be6 10. Nd5 Kh8 11. h3 Na5 12. Nxf6 gxf6 13. Bh6 Rg8 14. Bxe6
fxe6 15. Be3 Nb7 16. Kh1 Qe8 17. Rg1 Qh5 18. Nh2 Qf7 19. Qf3 Bxe3 20. fxe3
Raf8 21. Raf1 Nc5 22. g4 Qe7 23. Qg3 f5 24. exf5 exf5 25. Qe1 Qe6 26. gxf5
Rxg1+ 27. Kxg1 Rxf5 28. Rxf5 Qxf5 29. Qh4 Ne6 30. Qg4 Qxg4+ 31. Nxg4 Kg7
32. Kf2 Kg6 33. Kg3 Kf5 34. Nh6+ Kg6 35. Ng4 Kg5 36. Nf2 Kf5 37. Ng4 Nd8
38. c3 c5 39. b3 Nc6 40. Nf2 Ne7 41. Ne4 Nc8 42. Kh4 c4 43. bxc4 bxc4 44.
Ng3+ Kg6 45. d4 Nb6 46. dxe5 dxe5 47. e4 Na4 48. Ne2 Nc5 49. Ng3 h5 50. a3
a5 51. Nxh5 Nxe4 52. Ng3 Nxc3 53. Nf1 Nb5 { White forfeits on time } 0-1

[Event "ICC tourney 2533 (25 5)"]
[Site "Internet Chess Club"]
[Date "2021.04.25"]
[Round "5"]
[White "TOBY LYU, ETHAN:K09-16195991"]
[Black "MADABUSHI, RAGHAVAN:K09-15400603"]
[Result "0-1"]
[ICCResult "White checkmated"]
[WhiteElo "1838"]
[BlackElo "1412"]
[Opening "French: Steinitz variation"]
[ECO "C11"]
[NIC "QP.07"]
[Time "11:03:14"]
[PlyCount "120"]
[TimeControl "1500+5"]

1. d4 Nf6 2. Nc3 e6 3. e4 d5 4. e5 Nfd7 5. f4 Bb4 6. Nf3 c5 7. Be3 b6 8.
Bd3 Nc6 9. O-O c4 10. Be2 O-O 11. Qe1 Ne7 12. g4 f5 13. Ng5 Nb8 14. Kh1 h6
15. Nh3 fxg4 16. Bxg4 Nf5 17. Bxf5 Rxf5 18. Qg3 Nc6 19. Rg1 Qf8 20. Ne2 Ba6
21. c3 Be7 22. Qg6 Qf7 23. Qxh6 Bf8 24. Qh4 Rh5 25. Qg4 Qf5 26. Qxf5 exf5
27. Ng5 Ne7 28. Rg2 b5 29. Rag1 Bc8 30. Rg3 a5 31. Bd2 Rb8 32. a3 Rh6 33.
Ra1 Nc6 34. Rgg1 b4 35. axb4 axb4 36. Ng3 bxc3 37. Bxc3 Nb4 38. Ra5 Nd3 39.
Rf1 Rhb6 40. Rxd5 Bb7 41. Nxf5 Bxd5+ 42. Kg1 Rg6 43. Ne3 Nxf4 44. Rxf4
Rxg5+ 45. Kf2 Bf7 46. d5 Bc5 47. e6 Bg6 48. Rxc4 Rxd5 49. Rg4 Bxe3+ 50.
Kxe3 Kh7 51. Rc4 Re8 52. Rc7 Rxe6+ 53. Kf3 Rf5+ 54. Kg3 Re3+ 55. Kg2 Re2+
56. Kg1 Rg5+ 57. Kf1 Bd3 58. Rd7 Bb5 59. Rd1 Rxh2+ 60. Ke1 Rg1# { White
checkmated } 0-1

[Event "ICC tourney 2533 (25 5)"]
[Site "Internet Chess Club"]
[Date "2021.04.25"]
[Round "5"]
[White "SURESH, ISAAC:K09-15949243"]
[Black "HENRY EASTERDAY, WILLIAM:K09-16350945"]
[Result "1-0"]
[ICCResult "Black checkmated"]
[WhiteElo "488"]
[BlackElo "1150"]
[Opening "Caro-Kann: advance variation"]
[ECO "B12"]
[NIC "CK.02"]
[Time "11:02:06"]
[PlyCount "173"]
[TimeControl "1500+5"]

1. e4 c6 2. d4 d5 3. e5 e6 4. c3 f6 5. Nf3 Be7 6. Bd3 Qc7 7. exf6 Nxf6 8.
O-O Bd6 9. h3 Nbd7 10. Be3 Bf4 11. Bd2 Nh5 12. Bxf4 Nxf4 13. Re1 Nf8 14.
Qc2 Nxd3 15. Qxd3 Qb6 16. Nbd2 Ng6 17. Ne5 Nxe5 18. Rxe5 Bd7 19. b4 O-O-O
20. Nf3 Qb5 21. Qc2 g6 22. a4 Qb6 23. a5 Qb5 24. Ra3 Rhf8 25. Re1 Rf6 26.
Rea1 Rdf8 27. Ne5 Rf5 28. Qd2 a6 29. R1a2 Be8 30. Qh6 Kb8 31. Rc2 Ka7 32.
Raa2 R8f6 33. Qe3 b6 34. Re2 bxa5 35. Rxa5 Qb7 36. Rc5 h6 37. f3 g5 38. g4
Rf4 39. Kg2 Kb6 40. Kg3 Qc7 41. Rh2 Qg7 42. h4 Kc7 43. h5 Kb6 44. Rf2 Qf8
45. Qd3 Qe7 46. Ra5 Qa7 47. Rfa2 Qf7 48. Rxa6+ Kc7 49. Ra7+ Kd6 50. Rxf7
Rxf7 51. Nxf7+ Bxf7 52. Ra7 e5 53. dxe5+ Kxe5 54. Re7+ Kd6 55. Rxf7 Rxf7
56. Qg6+ Ke7 57. Qxh6 Rf6 58. Qh7+ Rf7 59. Qxf7+ Kxf7 60. f4 Kf6 61. fxg5+
Kxg5 62. h6 Kxh6 63. Kf3 Kg6 64. Ke3 Kf6 65. Kd4 Ke6 66. g5 Kf5 67. Kc5
Kxg5 68. Kxc6 Kf5 69. Kxd5 Kf6 70. Kd6 Kf7 71. b5 Ke8 72. Kc7 Ke7 73. b6
Ke6 74. b7 Kd5 75. b8=Q Kc4 76. Qd8 Kxc3 77. Qd5 Kb4 78. Qc6 Ka5 79. Qb7
Ka4 80. Qb6 Ka3 81. Qb5 Ka2 82. Qb4 Ka1 83. Kc6 Ka2 84. Kc5 Ka1 85. Kc4 Ka2
86. Kc3 Ka1 87. Qb2# { Black checkmated } 1-0

[Event "ICC tourney 2533 (25 5)"]
[Site "Internet Chess Club"]
[Date "2021.04.25"]
[Round "5"]
[White "SILVA, JAVIER:K09-16089208"]
[Black "PARK, EVAN:K09-15748464"]
[Result "0-1"]
[ICCResult "White forfeits on time"]
[WhiteElo "1889"]
[BlackElo "2322"]
[Opening "Sicilian: Alapin's variation (2.c3)"]
[ECO "B22"]
[NIC "SI.46"]
[Time "11:01:26"]
[PlyCount "202"]
[TimeControl "1500+5"]

1. e4 c5 2. c3 e6 3. d4 d5 4. exd5 exd5 5. Nf3 Nf6 6. Bb5+ Bd7 7. Qe2+ Be7
8. O-O O-O 9. Bxd7 Nbxd7 10. Bg5 c4 11. Nbd2 Re8 12. Qd1 b5 13. Ne5 Nxe5
14. dxe5 Nd7 15. Bxe7 Rxe7 16. f4 Qb6+ 17. Rf2 Nc5 18. Nf3 Nd3 19. Nd4 Nxf2
20. Kxf2 f6 21. Qf3 Rd8 22. Qg3 fxe5 23. fxe5 Rde8 24. Re1 Qb8 25. e6 Qxg3+
26. Kxg3 a6 27. Re5 g6 28. Rxd5 Kg7 29. Rd6 Ra8 30. Nc6 Ree8 31. Nd4 Kf6
32. Rd7 Re7 33. Rd6 Ke5 34. Rb6 Kd5 35. a3 Rc7 36. a4 bxa4 37. Rb4 a5 38.
Rxa4 Rb7 39. Ra2 Ke5 40. e7 Kf6 41. Rxa5 Re8 42. Nc6 Rxb2 43. Ra4 Ke6 44.
Rxc4 Kd5 45. Rb4 Rxb4 46. Nxb4+ Kc5 47. Nd3+ Kc4 48. Ne5+ Kd5 49. Ng4 Rxe7
50. Nf6+ Ke5 51. Ng4+ Kf5 52. Kf3 Rc7 53. Ne3+ Ke5 54. c4 Kd4 55. Ng4 Rxc4
56. Nf6 Rc7 57. Kg4 Rf7 58. Kg5 Ke5 59. Ng4+ Ke6 60. Kh4 h5 61. Ne3 Kf6 62.
Kg3 g5 63. Nf1 Kg6 64. Nd2 Rd7 65. Nf3 Rd3 66. h3 Ra3 67. Kf2 Kf5 68. Nd4+
Ke4 69. Ne6 Ra5 70. Kg3 Kf5 71. Nd4+ Kf6 72. Nf3 Ra3 73. Kf2 Rc3 74. Kg3
Kf5 75. Kf2 Kf4 76. Nd4 Rd3 77. Ne2+ Kf5 78. Ng3+ Kg6 79. Ne4 h4 80. g3
hxg3+ 81. Nxg3 Ra3 82. Kg2 Kf6 83. Ne4+ Kf5 84. Ng3+ Kf4 85. Nh5+ Ke5 86.
Ng3 Rb3 87. Nh5 Kd4 88. Ng3 Ke3 89. Nh5 Ke2 90. Ng3+ Ke3 91. Nh5 Ke4 92.
Ng3+ Kd5 93. Nh5 Ke6 94. Ng3 Rb2+ 95. Kf3 Kf6 96. Kg4 Rb3 97. Ne4+ Kg6 98.
Nf2 Rb4+ 99. Kg3 Kf5 100. Ng4 Rb3+ 101. Kg2 Kf4 { White forfeits on time }
0-1

[Event "ICC tourney 2533 (25 5)"]
[Site "Internet Chess Club"]
[Date "2021.04.25"]
[Round "5"]
[White "BIAN, ERIN:K09-16926853"]
[Black "BINOY JANI, DEVEN:K09-16503178"]
[Result "1-0"]
[ICCResult "Black checkmated"]
[WhiteElo "1765"]
[BlackElo "1185"]
[Opening "French: Steinitz, Boleslavsky variation"]
[ECO "C11"]
[NIC "FR.04"]
[Time "11:01:56"]
[PlyCount "195"]
[TimeControl "1500+5"]

1. e4 e6 2. d4 d5 3. Nc3 Nf6 4. e5 Nfd7 5. f4 c5 6. Nf3 Nc6 7. Be3 Qb6 8.
Na4 Qa5+ 9. c3 cxd4 10. b4 Qc7 11. Nxd4 Nxd4 12. Bxd4 a6 13. Bd3 b5 14. Nb2
Be7 15. O-O f5 16. Qe2 Nb8 17. Qe3 Nc6 18. Bc5 Bb7 19. a4 d4 20. Bxd4 Nxd4
21. Qxd4 Rd8 22. Qe3 bxa4 23. Nxa4 Qc6 24. Rf2 Rg8 25. Qh3 Kf8 26. Be2 h6
27. Bf3 Qc7 28. Bxb7 Qxb7 29. Qf3 Qb5 30. Nb2 g5 31. Rd1 Rc8 32. Rd3 gxf4
33. Qxf4 Bg5 34. Qd4 Re8 35. Qd6+ Re7 36. c4 Qb7 37. c5 Qxb4 38. Re2 Kf7
39. c6 Qg4 40. Rc2 Rc8 41. c7 Qe4 42. Kf1 Qb7 43. Rdc3 Qb5+ 44. Kg1 Rd7 45.
Qc6 Be3+ 46. Rxe3 Qxc6 47. Rxc6 Rdxc7 48. Rxc7+ Rxc7 49. Nd3 a5 50. Nf4 Ra7
51. Kf2 a4 52. Ra3 Ke7 53. Ke3 Kd7 54. Kd4 Ra5 55. g3 Ke7 56. Nd3 Kd7 57.
Nc5+ Kc6 58. Nxa4 Rd5+ 59. Kc4 Rxe5 60. Nc3 Kd6 61. Ra6+ Ke7 62. Kd4 Kf6
63. Ra7 Re1 64. Rh7 Kg6 65. Re7 Kf6 66. Re8 Rh1 67. h4 Rg1 68. Ne2 Rg2 69.
Nf4 Rd2+ 70. Ke3 Rd6 71. Nh5+ Kg6 72. Nf4+ Kf6 73. h5 e5 74. Ng6 e4 75. Nf4
Kg5 76. Rg8+ Kf6 77. Rg6+ Ke5 78. Rxd6 Kxd6 79. Ng6 Ke6 80. Nh4 Ke5 81. Ng2
Kf6 82. Kf4 Ke6 83. Ne3 Kf6 84. Nxf5 e3 85. Nxe3 Ke6 86. Ng4 Kf7 87. Nxh6+
Kg7 88. Nf5+ Kf6 89. h6 Kg6 90. g4 Kh7 91. g5 Kg6 92. Kg4 Kh7 93. Kh5 Kg8
94. g6 Kh8 95. Kg5 Kg8 96. Ne7+ Kh8 97. g7+ Kh7 98. g8=Q# { Black
checkmated } 1-0